 Dungeon Crawl Stone Soup version 0.22.1-1-ga44c0e56f4 (webtiles) character file.

425 Reeggar the Cudgeler (level 6, 0/32 HPs)
             Began as a Vine Stalker Fighter on Oct 25, 2018.
             Was a Follower of Makhleb.
             Killed by divine providence
             ... invoked by an orc priest
              (14 damage)
             ... on level 4 of the Dungeon.
             The game lasted 00:15:35 (3425 turns).

Reeggar the Cudgeler (Vine Stalker Fighter)         Turns: 3425, Time: 00:15:36

Health: 0/32       AC: 11    Str: 21    XL:     6   Next: 96%
Magic:  0/7        EV:  4    Int:  8    God:    Makhleb [*.....]
Gold:   139        SH:  9    Dex: 13    Spells: 5/5 levels left

rFire    . . .     SeeInvis .   a - +0 flail
rCold    . . .     Gourm    .   c - +0 shield
rNeg     . . .     Faith    .   o - +0 plate armour
rPois    .         Spirit   +   (no helmet)
rElec    .         Reflect  .   (no cloak)
rCorr    .         Harm     .   (no gloves)
MR       .....                  (no boots)
Stlth    ..........             (no amulet)
HPRegen  0.50/turn              (no ring)
MPRegen  0.10/turn              (no ring)

@: no status effects
A: fangs 2, regeneration 1, magic shield, antimagic bite, no potion heal 3, rot
immunity
a: Renounce Religion


You were on level 4 of the Dungeon.
You worshipped Makhleb.
Makhleb was aware of your devotion.
You were not hungry.

You visited 1 branch of the dungeon, and saw 4 of its levels.

You collected 139 gold pieces.

Inventory:

Hand Weapons
 a - a +0 flail (weapon)
Missiles
 j - 6 javelins of returning (quivered)
Armour
 c - a +0 shield (worn)
 o - a +0 plate armour (worn)
Jewellery
 g - an uncursed ring of stealth
 p - a cursed -5 ring of evasion {unknown}
Scrolls
 h - a scroll of teleportation
 i - 3 scrolls of remove curse {unknown}
 k - a scroll of blinking {unknown}
 l - a scroll of fog {unknown}
 n - a scroll of noise {unknown}
 q - a scroll of magic mapping {unknown}
 r - a scroll of immolation {unknown}
Potions
 d - a potion of degeneration {unknown}
 e - a potion of agility {unknown}
 m - 2 potions of haste {unknown}
Comestibles
 f - 3 rations


   Skills:
 + Level 3.5 Fighting
 + Level 4.1 Maces & Flails
 + Level 0.8 Throwing
 + Level 3.8 Armour
 + Level 0.9 Dodging
 + Level 0.4 Stealth
 + Level 3.6 Shields


You had 5 spell levels left.
You didn't know any spells.
Your spell library was empty.

Dungeon Overview and Level Annotations

Branches:
Dungeon (4/15)
 Temple: D:4-7

Altars:
Ashenzari
Kikubaaqudgha
Makhleb
Uskayaw
Wu Jian


Innate Abilities, Weirdness & Mutations

You have extremely sharp teeth.
Your natural rate of healing is unusually fast.
When hurt, damage is shared between your health and your magic reserves.
Your bite disrupts and absorbs the magic of your enemies.
Potions cannot restore your health.
You are immune to rotting.


Message History

The orc priest mumbles some strange prayers to Beogh against you.
Beogh smites you!
You completely miss the orc. You bite the orc.
You kill the orc!
Makhleb accepts your kill.
Your shield and plate armour prevent you from hitting the orc.
Your bite misses the orc. The orc hits you but does no damage.
The orc priest mumbles some strange prayers to Beogh against you.
Beogh smites you!
You thump the orc!
You kill the orc!
Makhleb accepts your kill.
You sock the orc!
You kill the orc!
Makhleb accepts your kill.
You hit the orc priest. Your bite misses the orc priest.
The orc priest is heavily wounded.
The orc priest calls down the wrath of Beogh upon you.
Beogh smites you!
You die...

### $.#### .... ... #.# ..
#############.######## .
#####..........##........# .#
...##..........o@......# ###.#
...##..........####....###...#
...##..........####.##..#..#####.
.<.##.................#..........
...##.........................)..
..[.#..................[.........
............................<....
...#.............................
...##.####.......................


You could see an orc priest.

Vanquished Creatures
  A phantom (D:4)
  The ghost of Revguard the Skirmisher, a weakling DsBe of Trog (D:3)
  2 orc priests (D:3)
  An iguana (D:4)
  2 worker ants (D:4)
  A howler monkey skeleton (D:2)
  8 adders
  An ooze (D:4)
  4 worms
  3 dart slugs
  2 leopard geckos
  6 orcs
  3 bats
  4 giant cockroaches
  A goblin (D:3)
  5 hobgoblins
  3 jackals (D:2)
  A ball python (D:2)
  4 frilled lizards
  10 kobolds
  3 rats
66 creatures vanquished.

Notes
Turn   | Place    | Note
-------+----------+-------------------------------------------
     0 | D:1      | Reeggar the Vine Stalker Fighter began the quest for the
                  | Orb.
     0 | D:1      | Reached XP level 1. HP: 11/11 MP: 2/2
   282 | D:1      | Reached XP level 2. HP: 16/16 MP: 3/3
   721 | D:1      | Reached skill level 2 in Maces & Flails
  1061 | D:2      | Reached XP level 3. HP: 10/19 MP: 4/4
  1284 | D:2      | Found a hide-covered altar of Uskayaw.
  1284 | D:2      | Found a burning altar of Makhleb.
  1292 | D:2      | Found a shattered altar of Ashenzari.
  1295 | D:2      | Found an ancient bone altar of Kikubaaqudgha.
  1297 | D:2      | Found an ornate altar of the Wu Jian Council.
  1367 | D:2      | Gained mutation: Your natural rate of healing is unusually
                  | fast. [Vine Stalker growth]
  1367 | D:2      | Reached XP level 4. HP: 24/24 MP: 5/5
  1834 | D:2      | Became a worshipper of Makhleb the Destroyer
  2236 | D:3      | Reached XP level 5. HP: 20/28 MP: 6/6
  2238 | D:3      | Reached skill level 3 in Maces & Flails
  2577 | D:3      | Found a runed door.
  2588 | D:3      | Noticed Revguard's ghost (weakling DsBe)
  2598 | D:3      | Killed Revguard's ghost
  2598 | D:3      | Reached * piety under Makhleb
  2598 | D:3      | Reached XP level 6. HP: 17/32 MP: 4/7
  3191 | D:4      | Noticed a phantom
  3241 | D:4      | Killed a phantom
  3241 | D:4      | Reached skill level 4 in Maces & Flails
  3425 | D:4      | Killed from afar by an orc priest

Skill      XL: |  1  2  3  4  5  6 |
---------------+-------------------+-----
Maces & Flails | 2 3 4 |  4.1
Fighting       | 3 |  3.5
Armour         | 3 |  3.8
Shields        | 3 |  3.6
Throwing       | |  0.8
Dodging        | |  0.9
Stealth        | |  0.4

Action                   |  1- 3 |  4- 6 || total
-------------------------+-------+-------++-------
Melee: Flail             |    55 |   152 ||   207
       Bite              |    12 |    45 ||    57
Throw: Javelin           |    21 |     1 ||    22
  Use: Potion            |       |     1 ||     1
       Scroll            |       |     2 ||     2
  Eat: Chunk             |     1 |     2 ||     3
       Ration            |       |     2 ||     2
Armor: Scale mail        |    23 |    49 ||    72
       Plate armour      |       |    23 ||    23
Dodge: Dodged            |    20 |    35 ||    55
Block: Shield            |    31 |   105 ||   136
